 Dungeon Crawl Stone Soup version 0.29-a0-617-g7a6b98fccd (webtiles) character file.

Game seed: 13755671288857538277

954 thedrnick the Chopper (level 7, 0/58 HPs)
             Began as a Palentonga Fighter on June 17, 2022.
             Slain by a gnoll
             ... wielding a +0 spear
              (1 damage)
             ... on level 4 of the Dungeon.
             The game lasted 00:18:18 (4259 turns).

thedrnick the Chopper (Palentonga Fighter)          Turns: 4259, Time: 00:18:18

Health: 0/58       AC: 16    Str: 19    XL:     7   Next: 91%
Magic:  7/7        EV:  5    Int:  9    God:
Gold:   127        SH:  4    Dex: 11    Spells: 6/6 levels left

rFire   . . .      SeeInvis +   a - +1 war axe
rCold   . . .      Faith    .   c - +0 buckler
rNeg    . . .      Spirit   .   g - +0 chain mail
rPois   .          Reflect  .   j - +0 helmet
rElec   .          Harm     .   (no cloak)
rCorr   .          Rampage  .   (no gloves)
Will    +....                   (no barding)
Stlth   ..........              f - amulet of magic regeneration
HPRegen 0.19/turn               e - ring of willpower
MPRegen 0.50/turn               (no ring)

@: mighty, curled up
A: large, rugged brown scales 3, see invisible, deformed body, roll 1, armoured
tail, reflexive curl
a: Rolling Charge


You were on level 4 of the Dungeon.
You visited 1 branch of the dungeon, and saw 4 of its levels.

You collected 127 gold pieces.

Inventory:

Hand Weapons
 a - a +1 war axe (weapon)
 m - a +0 hand axe
Armour
 b - a +0 scale mail
 c - a +0 buckler (worn)
 g - a +0 chain mail (worn)
 j - a +0 helmet (worn)
Jewellery
 e - a ring of willpower (left hand)
 f - an amulet of magic regeneration (around neck)
Wands
 o - a wand of flame (24)
Potions
 h - a potion of haste
 i - a potion of curing
 q - a potion of attraction


   Skills:
 + Level 4.7 Fighting
 + Level 6.6 Axes
 + Level 4.5 Armour
 + Level 1.1 Dodging
 + Level 0.1 Stealth
 + Level 3.1 Shields


You had 6 spell levels left.
You didn't know any spells.
Your spell library contained the following spells:

 Spells                   Type           Power      Damage    Failure   Level
 Apportation              Tloc           0%         N/A       99%         1
 Necrotize                Necr           0%         1d4       99%         1
 Summon Small Mammal      Summ           0%         N/A       99%         1
 Gell's Gravitas          Tloc           0%         N/A       100%        3
 Lesser Beckoning         Tloc           0%         N/A       100%        3
 Teleport Other           Tloc           0%         N/A       100%        3
 Fireball                 Conj/Fire      0%         3d3       100%        5
 Starburst                Conj/Fire      0%         6d3       100%        6
 Ignition                 Fire           0%         3d3       100%        8


Dungeon Overview and Level Annotations

Branches:
Dungeon (4/15)
 Temple: D:4-7

Altars:
Xom

Shops:
D:1 [   D:4 [

Annotations:
D:4 Pikel


Innate Abilities, Weirdness & Mutations

You are completely covered in rugged brown scales. (AC +3, +7% HP)
You have supernaturally acute eyesight. (SInv)
Armour fits poorly on your strangely shaped body.
You can roll at nearby foes to attack.
You have a long armoured tail.
You curl defensively after being hit. (AC +7*)


Message History

The magic dart hits you! The gnoll hits you but does no damage.
You closely miss the orc wizard.
The orc wizard is moderately wounded.
The orc wizard hits you with a +0 dagger.
The gnoll completely misses you.
You barely miss the orc wizard.
Your tail-slap misses the orc wizard.
The orc wizard is moderately wounded.
The orc wizard hits you but does no damage.
The gnoll hits you from afar with a +0 spear.
The gnoll hits you but does no damage.
The orc wizard gestures at you while chanting.
You resist with almost no effort.
You closely miss the orc wizard.
You tail-slap the orc wizard, but do no damage.
The orc wizard is moderately wounded.
The orc wizard hits you but does no damage.
The gnoll hits you from afar with a +0 spear.
* * * LOW HITPOINT WARNING * * *
You miss the orc wizard.
Your tail-slap misses the orc wizard.
The orc wizard is moderately wounded.
The orc wizard hits you but does no damage.
The gnoll hits you from afar with a +0 spear.
* * * LOW HITPOINT WARNING * * *
You barely miss the orc wizard.
Your tail-slap misses the orc wizard.
The orc wizard is moderately wounded.
The orc wizard gestures at you while chanting.
The puff of flame hits you!
* * * LOW HITPOINT WARNING * * *
The gnoll hits you from afar with a +0 spear.
* * * LOW HITPOINT WARNING * * *
The orc wizard attacks as you move away!
The orc wizard hits you with a +0 dagger.
* * * LOW HITPOINT WARNING * * *
Things that are here:
a +0 whip; 5 stones; a kobold corpse You slash the orc wizard!
Your tail-slap misses the orc wizard.
The orc wizard is severely wounded.
The orc wizard hits you but does no damage.
The gnoll hits you from afar with a +0 spear.
You die...

''#### +g...# ..∩..+ #....#
###### ####)####... ...#
#...)....... ...#
#.†)........ ...#
#........... ...#
#.)>........
...###############go.........
................@o######+#...
.....)..........).#......#...
..................#).....# ..
..................'......+
..................#......#
######............########
#######......# #......#
#......#


You could see an orc wizard, a gnoll and an orc.

Vanquished Creatures
  Grinder (D:3)
  A gnoll sergeant (D:3)
  2 howler monkeys (D:3)
  3 hounds
  A gnoll shaman (D:3)
  Jessica (D:3)
  An orc wizard (D:3)
  Natasha (thrice) (D:3)
  Robin (D:4)
  18 gnolls
  3 adders
  2 worms (D:2)
  2 dart slugs (D:1)
  19 orcs
  9 ball pythons
  7 endoplasms
  7 giant cockroaches
  16 goblins
  9 hobgoblins
  14 jackals
  5 quokkas
  4 frilled lizards
  13 kobolds
  6 rats
148 creatures vanquished.

Vanquished Creatures (others)
  5 plants (D:3)
5 creatures vanquished.

Grand Total: 153 creatures vanquished

Notes
Turn   | Place    | Note
-------+----------+-------------------------------------------
     0 | D:1      | thedrnick the Palentonga Fighter began the quest for the
                  | Orb.
     0 | D:1      | Reached XP level 1. HP: 19/19 MP: 1/1
    40 | D:1      | Found Ujier's Armour Emporium.
    94 | D:1      | Reached XP level 2. HP: 25/25 MP: 2/2
   660 | D:1      | Reached XP level 3. HP: 32/32 MP: 3/3
  1246 | D:2      | Found a shimmering altar of Xom.
  1269 | D:2      | Reached skill level 3 in Axes
  1485 | D:2      | Reached XP level 4. HP: 37/39 MP: 4/4
  1835 | D:3      | Noticed Grinder
  1842 | D:3      | Paralysed by Grinder for 3 turns
  1859 | D:3      | Paralysed by Grinder for 3 turns
  1871 | D:3      | Killed Grinder
  1872 | D:3      | Reached skill level 4 in Axes
  1872 | D:3      | Reached skill level 1 in Dodging
  1872 | D:3      | Reached XP level 5. HP: 13/44 MP: 5/5
  1872 | D:3      | Reached XP level 6. HP: 15/51 MP: 6/6
  2321 | D:3      | Identified the +7 spear "Myli Mupn" {freeze, Will+}
  2524 | D:3      | Reached skill level 5 in Axes
  2554 | D:3      | Noticed Jessica
  2557 | D:3      | Killed Jessica
  2734 | D:3      | Gained mutation: You curl defensively after being hit. (AC
                  | +7*) [Palentonga growth]
  2734 | D:3      | Reached XP level 7. HP: 56/58 MP: 7/7
  3126 | D:3      | Reached skill level 6 in Axes
  3556 | D:3      | Found a faded altar of an unknown god.
  3582 | D:3      | Noticed Natasha
  3583 | D:3      | Killed Natasha
  3703 | D:3      | Noticed Natasha
  3706 | D:3      | Killed Natasha
  3785 | D:3      | Noticed Natasha
  3793 | D:3      | Killed Natasha
  3893 | D:4      | Noticed Pikel
  4094 | D:4      | Found Havecio's Antique Armour Shoppe.
  4213 | D:4      | Noticed Robin
  4251 | D:4      | Killed Robin
  4257 | D:4      | HP: 2/58 [gnoll/+0 spear (3)]
  4259 | D:4      | Slain by a gnoll

Illustrated notes

Levels and vault maps discovered:
D:1:      dpeg_arrival_tiny_a, layout_basic, serial_shops,
          nicolae_shop_statue_plus
D:2:      minmay_evil_eye, layout_basic, basic_altar
D:3:      lemuel_castle_with_subvaults [lemuel_castle_interior_carwin_3],
          layout_loops_ring, shapermc_ecumenical_altar_venn, uniq_grinder,
          uniq_natasha, uniq_jessica
D:4:      layout_gridville, serial_shops, nicolae_shop_hallway_stairs,
          uniq_menkaure, uniq_robin, uniq_pikel

Skill      XL: |  1  2  3  4  5  6  7 |
---------------+----------------------+-----
Axes           | 3 4 5 6 |  6.6
Fighting       | 4 |  4.7
Armour         | 3 4 |  4.5
Dodging        | 1 |  1.1
Shields        | 3 |  3.1
Stealth        | |  0.1

Action                   |  1- 3 |  4- 6 |  7- 9 || total
-------------------------+-------+-------+-------++-------
Melee: War axe           |    95 |   122 |   156 ||   373
       Tailslap          |    12 |    19 |    17 ||    48
 Abil: Rolling Charge    |     7 |    18 |    28 ||    53
  Use: Scroll            |     5 |       |     3 ||     8
       Potion            |       |     4 |     4 ||     8
Armor: Scale mail        |    50 |    20 |       ||    70
       Chain mail        |       |    44 |   102 ||   146
Dodge: Dodged            |    31 |    38 |    34 ||   103
Block: Buckler           |    25 |    18 |    27 ||    70

Table legend: (Time is in decaauts)
 A = Elapsed time spent in this place.
 B = Non-inter-level travel time spent in this place.
 C = Inter-level travel time spent in this place.
 D = Time resting spent in this place.
 E = Time spent auto-exploring this place.
 F = Levels seen in this place.
 G = Mean time per level.
                   A        B        C        D        E       F      G
               +--------+--------+--------+--------+--------+-----+--------+
         Total |   4365 |   4071 |    294 |   1096 |   1651 |   4 | 1091.2 |
       Dungeon |   4365 |   4071 |    294 |   1096 |   1651 |   4 | 1091.2 |
               +--------+--------+--------+--------+--------+-----+--------+

Top non-repeatable levels by time:
     D:3: 2310 daAuts
     D:1: 1214 daAuts
     D:2: 662 daAuts
     D:4: 177 daAuts
